 Dungeon Crawl Stone Soup version 0.30.0-15-g856e2d3f33 (webtiles) character file.

Game seed: 12897407322939430760

63 ProzacElf the Ducker (level 3, 0/27 HPs)
             Began as a Demonspawn Gladiator on May 19, 2023.
             Succumbed to an adder's poison
             ... on level 3 of the Dungeon.
             The game lasted 00:05:42 (1647 turns).

ProzacElf the Ducker (Demonspawn Gladiator)         Turns: 1647, Time: 00:05:42

Health: 0/27       AC:  7    Str: 16    XL:     3   Next: 87%
Magic:  3/3        EV: 10    Int:  9    God:
Gold:   79         SH:  0    Dex: 14    Spells: 2/2 levels left

rFire   . . .        a - +0 flail
rCold   . . .        (no shield)
rNeg    . . .        j - +0 scale mail
rPois   .            c - +0 helmet
rElec   .            (no cloak)
rCorr   .            (no gloves)
SInv    .            (no boots)
Will    .....        (no amulet) Stlth
                     (no ring)
HPRegen 0.24/turn    (no ring)
MPRegen 0.08/turn

%: no passive effects
@: lethally poisoned (0 -> -2)
A: powered by death 1, demonic touch 1
a: no special abilities


You were on level 3 of the Dungeon.
You visited 1 branch of the dungeon, and saw 3 of its levels.

You collected 79 gold pieces.

Inventory:

Hand Weapons
 a - a +0 flail (weapon)
 g - a +0 falchion
Missiles
 d - 3 throwing nets (quivered)
 e - a javelin
Armour
 b - a +0 leather armour
 c - a +0 helmet (worn)
 j - a +0 scale mail (worn)
 o - the +1 robe of Wixyomyng {*Slow Will++ Archmagi}
   (You took it off a hobgoblin on level 2 of the Dungeon)

   *Slow:     It may slow you when you take damage.
   Archmagi:  It increases the power of your magical spells.
   Will:      It greatly increases your willpower.
Jewellery
 i - a ring of see invisible
 m - a ring of see invisible
Scrolls
 n - a scroll of fear {unknown}
 q - 2 scrolls of teleportation {unknown}
 r - a scroll of enchant weapon {unknown}
 s - a scroll of magic mapping {unknown}
Potions
 f - a potion of berserk rage {unknown}
 h - a potion of haste {unknown}
 k - a potion of flight {unknown}
 l - a potion of mutation {unknown}
 p - 2 potions of degeneration {unknown}


   Skills:
 - Level 2.0 Fighting
 + Level 3.6 Maces & Flails
 - Level 1.7 Throwing
 + Level 3.6 Dodging


You had 2 spell levels left.
You didn't know any spells.
Your spell library was empty.

Dungeon Overview and Level Annotations

Branches:
Dungeon (3/15)

Altars:
Kikubaaqudgha

Shops:
D:2 (


Innate Abilities, Weirdness & Mutations

You regenerate a little health from kills.
Your touch may inflict minor irresistible damage on your foes.


Message History

Ye regain'd 2 hp, an' now haf 14/27 hp.
Thar be a dry fountain 'ere.
An endoplasm comes inta view.
Tha endoplasm quivers.
Tha adder bites ye.
Ye be poison'd.
Tha adder poisons ye!
Tha adder bites ye.
Ye be more poison'd.
Tha adder poisons ye!
Ye take 2 damage, an' haf 12/27 hp.
Ye be too injured ta fight recklessly!
Ye be too injured ta fight recklessly!
Ye be too injured ta fight recklessly!
Ye be too injured ta fight recklessly!
Ye be too injured ta fight recklessly!
Ye be too injured ta fight recklessly!
Ye closely miss tha adder.
Ye feel very sick.
Tha adder bites ye.
* * * LOW HITPOINT WARNIN'
* * * Ye take 5 damage, an' haf 7/27 hp.
Ye thump tha adder!
Tha adder be severely wounded.
* * * LOW HITPOINT WARNIN'
* * * Ye feel sick.
Tha adder bites ye but does nay damage.
Tha adder bites ye.
* * * LOW HITPOINT WARNIN'
* * * Ye take 4 damage, an' haf 3/27 hp.
Ye barely miss tha adder.
Tha adder be severely wounded.
* * * LOW HITPOINT WARNIN'
* * * Ye feel sick.
Tha adder barely misses ye.
Ye take 1 damage, an' haf 2/27 hp.
Ye miss tha adder.
Tha adder be severely wounded.
* * * LOW HITPOINT WARNIN'
* * * Ye feel sick.
Tha adder bites ye but does nay damage. x2
Ye take 1 damage, an' haf 1/27 hp.
Ye hit tha adder but do nay damage.
Tha adder be severely wounded.
Ye die...

####......
........
#.....#
#######.....##
....).+......#
....[........#
......~..⌠...#
...~J≈~....#.#
...~≈≈~@..##.#
.#.~~~S...# #
....≈~~~~..#
##...~...~.#
#..⌠....._.#
.....##....#
###.# ######
#.


You could see an adder and an endoplasm.

Vanquished Creatures
  A gnoll (D:2)
  An adder (D:2)
  A worm (D:2)
  An endoplasm (D:2)
  2 giant cockroaches (D:2)
  4 goblins
  6 hobgoblins
  3 quokkas
  4 ball pythons
  3 bats
  4 frilled lizards
  6 kobolds
  2 rats (D:1)
38 creatures vanquished.

Notes
Turn   | Place    | Note
-------+----------+-------------------------------------------
     0 | D:1      | ProzacElf the Demonspawn Gladiator began the quest for the
                  | Orb.
     0 | D:1      | Reached XP level 1. HP: 16/16 MP: 1/1
   205 | D:1      | Gained mutation: Your touch may inflict minor irresistible
                  | damage on your foes. [demonic ancestry]
   205 | D:1      | Reached XP level 2. HP: 21/22 MP: 2/2
  1015 | D:2      | Found a faded altar of an unknown god.
  1102 | D:2      | Gained mutation: You regenerate a little health from kills.
                  | [demonic ancestry]
  1102 | D:2      | Reached XP level 3. HP: 27/27 MP: 3/3
  1135 | D:2      | Identified the +1 robe of Wixyomyng {*Slow Will++ Archmagi}
  1631 | D:2      | Found Ymivvocw's Weapon Shop.
  1639 | D:3      | Found an ancient bone altar of Kikubaaqudgha.
  1646 | D:3      | HP: 1/27 [poisoned by an adder]
  1647 | D:3      | Succumbed to an adder's poison

Illustrated notes

Levels and vault maps discovered:
D:1:      dpeg_arrival_morbid_curiosity, layout_basic
D:2:      layout_basic, shapermc_ecumenical_altar_flowoftime, serial_shops,
          shop, chequers_serial_rivers_large_b, dk_noncrumbling_4
D:3:      layout_basic, tgw_xom, kiku_gazebo_pond_becter

Skill      XL: |  1 |
---------------+----+-----
Maces & Flails | 3 |  3.6
Dodging        | 3 |  3.6
Fighting       | |  2.0
Throwing       | |  1.7

Action                     || total
---------------------------++-------
  Melee: Flail             ||   104
         Touch             ||    10
   Stab: Sleeping          ||     1
 Armour: Leather armour    ||    13
         Scale mail        ||    19
  Dodge: Dodged            ||    73

Action                     || total
---------------------------++-------
  Melee: Flail             ||   104
         Touch             ||    10
   Stab: Sleeping          ||     1
 Armour: Leather armour    ||    13
         Scale mail        ||    19
  Dodge: Dodged            ||    73

Levels and vault maps discovered:
D:1:      dpeg_arrival_morbid_curiosity, layout_basic
D:2:      layout_basic, shapermc_ecumenical_altar_flowoftime, serial_shops,
          shop, chequers_serial_rivers_large_b, dk_noncrumbling_4
D:3:      layout_basic, tgw_xom, kiku_gazebo_pond_becter
